 Dungeon Crawl Stone Soup version 0.17.1-2-g5865329 (webtiles) character file.

197654 lyrx the Axe Maniac (level 18, -13/249 HPs)
             Began as a Hill Orc Berserker on Feb 13, 2016.
             Was the Champion of Trog.
             Hit by a silver javelin thrown by a merfolk javelineer (16 damage)
             ... on level 4 of the Shoals on Feb 16, 2016.
             The game lasted 05:26:59 (31021 turns).

lyrx the Axe Maniac (Hill Orc Berserker)           Turns: 31021, Time: 05:26:59

Health: -13/249    AC: 43    Str: 44    XL:     18   Next: 41%
Magic:  15/15      EV: 10    Int:  9    God:    Trog [******]
Gold:   1990       SH:  0    Dex:  5    Spells: 0 memorised, 17 levels left

rFire  + + +     SeeInvis +     K - +9 battleaxe "Noxkare" {flame, +Blink rPois rC+ Stlth+}
rCold  + . .     Clarity  .     N - +6 plate armour of Nemelex Xobeh's Regard {rF++ Slay+2 SInv}
rNeg   . . .     SustAt   .     (shield currently unavailable)
rPois  +         Gourm    .     (no helmet)
rElec  .         Spirit   .     f - +2 cloak {rPois}
rCorr  .         Warding  .     h - +2 pair of gloves {Str+3}
rMut   .         Rnd*Tele +     S - +2 pair of boots of the Assassin {DetectMon Stab+ Stlth++}
MR     +....                    B - amulet of Entrepreneurial Spirit {Regen+ Str+5}
Stlth  ..........               b - +5 ring of strength
                                l - +4 ring of protection

@: berserking (expiring), mesmerised, slowed, somewhat resistant to hostile
enchantments, extremely unstealthy
A: hooves 1, rough black scales 1, clever 1, clumsy 2, fire resistance 1, low mp
2, mutation resistance 1, slow regeneration 1, spit poison 1, teleportitis 1,
weak 1, wild magic 1
a: Spit Poison, Berserk, Trog's Hand, Brothers in Arms, Burn Spellbooks,
Renounce Religion, Evoke Blink
}: 1/15 runes: gossamer


You were on level 4 of the Shoals.
You worshipped Trog.
Trog was exalted by your worship.
You were hungry.

You visited 7 branches of the dungeon, and saw 37 of its levels.
You also visited: Labyrinth, Bailey, Ice Cave and Volcano.

You collected 4129 gold pieces.
You spent 2139 gold pieces at shops.

Inventory:

Hand Weapons
 u - a +2 greatsling of flaming
 K - the +9 battleaxe "Noxkare" (weapon) {flame, +Blink rPois rC+ Stlth+}
   (Trog gifted it to you on level 10 of the Dungeon)

   It has been specially enchanted to burn those struck by it, causing extra
   injury to most foes and up to half again as much damage against particularly
   susceptible opponents.
   Big, fiery blades are also staple armaments of hydra-hunters.
   It protects you from cold.
   It protects you from poison.
   It lets you blink.
   It makes you more stealthy.
 W - a +4 antimagic executioner's axe
Missiles
 i - 1009 stones (quivered)
 I - 150 sling bullets
Armour
 f - a +2 cloak of poison resistance (worn)
 h - a +2 pair of gloves of strength (worn)
 H - a +0 ice dragon armour
 N - the +6 plate armour of Nemelex Xobeh's Regard (worn) {rF++ Slay+2 SInv}
   (You found it on level 14 of the Dungeon)

   It affects your accuracy and damage with ranged weapons and melee attacks
   (+2).
   It greatly protects you from fire.
   It lets you see invisible.
 S - the +2 pair of boots of the Assassin (worn) {DetectMon Stab+ Stlth++}
   (You found it in a labyrinth)

   It makes you much more stealthy.
Jewellery
 b - a +5 ring of strength (right hand)
 l - a +4 ring of protection (left hand)
 n - an uncursed ring of flight
 p - an uncursed ring of teleportation
 x - a +4 ring of slaying
 B - the amulet of Entrepreneurial Spirit (around neck) {Regen+ Str+5}
   (You bought it in a shop on level 8 of the Dungeon)

   [amulet of regeneration]

   It affects your strength (+5).
   It increases your rate of regeneration.
Wands
 z - a wand of disintegration (10)
 C - a wand of digging (7)
 D - a wand of confusion (16)
 E - a wand of enslavement (20)
 J - a wand of paralysis (23)
 R - a wand of heal wounds (4)
Scrolls
 a - 2 scrolls of enchant armour
 d - 15 scrolls of identify
 e - 12 scrolls of teleportation
 g - 8 scrolls of fear
 j - 11 scrolls of remove curse
 k - 4 scrolls of immolation
 q - a scroll of blinking
 r - 8 scrolls of enchant weapon
 t - 3 scrolls of brand weapon
 G - 4 scrolls of holy word
 L - 3 scrolls of summoning
 Q - 5 scrolls of recharging
 U - 5 scrolls of magic mapping
Potions
 o - 4 potions of flight
 v - 6 potions of might
 w - 3 potions of cancellation
 F - 10 potions of curing
 P - 2 potions of agility
 T - 5 potions of resistance
 V - a potion of invisibility
Miscellaneous
 y - a plain deck of defence
 M - an ornate deck of changes
 O - a box of beasts {used: 1}
 X - a plain deck of escape
 Z - a plain deck of changes {drawn: 2}
Comestibles
 c - 26 bread rations
 m - 14 meat rations
 s - 11 fruits


   Skills:
 + Level 16.1 Fighting
 O Level 27 Axes
 + Level 17.7 Armour
 - Level 5.0 Dodging
 - Level 1.0 Evocations


You had 17 spell levels left.
You didn't know any spells.

Dungeon Overview and Level Annotations

Branches:
Dungeon (15/15)            Temple (1/1) D:7            Lair (8/8) D:10
 Shoals (4/4) Lair:3       Spider (4/4) Lair:3        Slime (1/6) Lair:8
    Orc (4/4) D:10            Elf (0/3) Orc:4        Vaults (0/5) D:13
 Depths (0/5) D:15

Altars:
Ashenzari
Cheibriados
Dithmenos
Elyvilon
Fedhas
Gozag
Kikubaaqudgha
Makhleb
Nemelex Xobeh
Okawaru
Qazlal
Ru
Sif Muna
Trog
Vehumet
Xom
Yredelemnul
Zin
The Shining One

Shops:
D:7 ?*   D:8 =   D:12 [   Orc:4 }(%?   Shoals:1 [

Portals:
Pandemonium: Orc:4

Annotations:
Shoals:3 Polyphemus
Shoals:4 Ilsuiw


Innate Abilities, Weirdness & Mutations

You have large cloven feet.
You are partially covered in rough black scales (AC +4, Dex -1).
Your mind is acute. (Int +2)
You are very clumsy. (Dex -4)
Your flesh is heat resistant.
Your magical capacity is very low (-20% MP).
You are somewhat resistant to further mutation.
You regenerate slowly when monsters are visible.
You can spit weak poison.
You are occasionally teleported next to monsters.
You are weak. (Str -2)
Your spells are a little harder to cast, but a little more powerful.


Message History

The merfolk avatar chants its luring song.
Your unstable footing causes you to fumble your attack.
The merfolk impaler hits you but does no damage.
The merfolk javelineer throws a silver javelin.
The silver javelin hits you!
* * * LOW HITPOINT WARNING * * *
The silver sears you!
* * * LOW HITPOINT WARNING * * *
You hear a splash.
You cannot move away from the merfolk avatar!
Unknown command.
You are too berserk!
Your unstable footing causes you to fumble your attack.
The merfolk impaler hits you but does no damage.
The merfolk avatar chants its luring song.
Unknown command.
Your unstable footing causes you to fumble your attack.
The merfolk javelineer throws a silver javelin.
The silver javelin hits you!
You die...

≈≈≈≈≈....≈# { ≈≈≈≈≈≈...≈
{ ≈≈≈≈≈≈≈..# { ≈≈≈≈≈≈≈..#
{ {{ ≈≈≈≈≈≈≈≈.###{ { {
≈≈≈≈≈≈≈≈≈..###
≈≈≈≈≈≈≈≈≈≈)≈.#####.≈
≈≈≈≈≈≈≈≈≈≈≈(......≈≈
≈≈...≈≈≈≈≈≈m@≈≈≈≈≈(≈
≈.......≈≈≈≈≈≈≈≈≈≈≈≈
≈........≈≈≈m≈≈≈≈≈≈≈
≈........≈≈≈≈≈≈m≈≈≈≈
≈.........≈m≈≈≈≈≈≈≈≈
........≈≈≈≈≈≈≈≈≈
.........≈≈≈≈≈≈≈≈≈≈.?≈≈.)
##≈......≈≈≈≈≈≈≈...≈≈...
≈≈≈≈..../$..


You could see a merfolk avatar, a merfolk impaler and 2 merfolk javelineers.

Vanquished Creatures
  An acid blob (Slime:1)
  A kraken (Shoals:4)
  Roxanne (Shoals:1)
  4 ghost moths
  3 emperor scorpions (Spider:4)
  8 vault guards (D:13)
  2 merfolk impalers
  12 hydras
  An entropy weaver (Spider:4)
  A minotaur (Lab)
  Erolcha (D:11)
  A rakshasa (D:15)
  A catoblepas (Lair:8)
  3 ice dragons
  A ghost crab (shapeshifter) (D:9)
  2 centaur warriors
  2 alligator snapping turtles
  A merfolk aquamancer (Shoals:1)
  A queen ant (Lair:6)
  2 satyrs
  2 tengu warriors (D:13)
  7 orc high priests (Orc:4)
  16 death yaks
  A deep troll shaman (Lair:8)
  The ghost of inmateoo the Martial Artist, a novice OpTm of Yredelemnul (D:8)
  A skeletal warrior (D:11)
  3 unseen horrors
  A giant orange brain (D:15)
  An ice devil (Orc:4)
  5 sea snakes
  A gelid demonspawn (Orc:4)
  3 torturous demonspawn (Orc:4)
  6 orc knights
  Pikel (D:5)
  4 hill giants
  17 harpies
  21 wolf spiders
  A wizard (D:14)
  4 hornets (Spider:4)
  8 fauns
  A necromancer (IceCv)
  5 ugly things
  3 griffons
  2 moths of wrath
  A rust devil (Orc:4)
  A cyclops (D:12)
  5 orc sorcerers
  12 orb spiders
  A water nymph (Shoals:2)
  6 sirens
  3 manticores
  22 elephants
  2 black mambas
  8 spiny frogs
  5 ice statues
  2 molten gargoyles (Volcano)
  An efreet (Volcano)
  3 centaur skeletons
  4 tengu conjurers
  5 demonic crawlers
  A hellwing (Orc:4)
  5 komodo dragons
  A minotaur zombie (Lab)
  A fire drake (Lair:4)
  3 trolls
  2 two-headed ogres
  A wind drake (Shoals:2)
  6 polar bears
  7 blink frogs
  22 jumping spiders
  A harpy skeleton (D:14)
  Grinder (D:6)
  10 blue devils
  8 merfolk
  A hornet zombie (D:14)
  A boulder beetle (Spider:4)
  2 shadows (D:9)
  4 snapping turtles (Shoals:2)
  16 tarantellas
  10 slime creatures
  38 redbacks
  Sigmund (D:6)
  17 trapdoor spiders
  A wraith (D:11)
  A basilisk (Lair:3)
  2 deep elf magi
  A spriggan (D:7)
  4 wyverns
  A fire elemental (Volcano)
  7 water elementals
  A deep elf fighter (D:10)
  2 hungry ghosts
  44 yaks
  6 hippogriffs
  A neqoxec (Orc:4)
  17 water moccasins
  A chaos spawn (Orc:4)
  3 vampire mosquitoes (D:15)
  3 wargs
  21 soldier ants
  38 orc warriors
  21 wolves
  A mottled dragon (D:14)
  10 porcupines
  A necrophage (D:9)
  10 ice beasts
  28 spiders
  3 phantoms
  4 sky beasts
  5 black bears
  3 eyes of draining
  4 slaves (D:5)
  A centaur (shapeshifter) (D:15)
  30 centaurs
  7 ogres
  15 crocodiles
  3 gnoll sergeants
  2 big kobolds
  A giant frog (shapeshifter) (D:15)
  20 giant frogs
  An earth elemental (Volcano)
  7 wights
  9 scorpions
  A wyvern skeleton (D:13)
  9 killer bees
  3 electric eels
  2 draconian simulacra (IceCv)
  A lava snake (Volcano)
  2 quasits
  11 crimson imps
  A jelly (D:13)
  15 hounds
  39 orc wizards
  5 giant frog zombies
  A gnoll shaman (D:7)
  17 iguanas
  34 orc priests
  2 giant frog skeletons
  32 worker ants
  A spriggan simulacrum (IceCv)
  A statue (D:6)
  3 troll simulacra (IceCv)
  2 ogre simulacra (IceCv)
  11 adders
  19 gnolls
  A worker ant zombie (D:9)
  2 naga simulacra (IceCv)
  64 river rats
  7 shadow imps
  15 white imps
  An ooze (shapeshifter) (D:13)
  2 oozes
  2 adder skeletons
  2 worms
  5 giant geckos
  212 orcs
  A ball python (D:7)
  20 bats
  7 giant cockroaches
  20 goblins
  22 hobgoblins
  11 jackals
  31 kobolds
  3 quokkas
  A ball python skeleton (D:4)
  A giant gecko zombie (D:7)
  4 giant newts
  12 rats
  4 bushes
  A fire vortex (Volcano)
  8 fungi
  24 plants
  3 tentacles (Shoals:4)
1442 creatures vanquished.

Vanquished Creatures (collateral kills)
  A merfolk avatar (Shoals:2)
  2 satyrs (Shoals:2)
  A hill giant (D:14)
  3 fauns (Shoals:2)
  A water nymph (Shoals:2)
  A cyclops (Shoals:2)
  A siren (Shoals:2)
  A merfolk (Shoals:2)
11 creatures vanquished.

Vanquished Creatures (others)
  2 orcs
  4 fungi
  2 plants (Lair:3)
  13 tentacles
  484 tentacle segments
505 creatures vanquished.

Grand Total: 1958 creatures vanquished

Notes
Turn   | Place    | Note
--------------------------------------------------------------
     0 | D:1      | lyrx the Hill Orc Berserker began the quest for the Orb.
     0 | D:1      | Reached XP level 1. HP: 19/19 MP: 1/1
    93 | D:1      | Reached XP level 2. HP: 10/27 MP: 2/2
   504 | D:1      | Reached XP level 3. HP: 17/33 MP: 3/3
   599 | D:2      | Found a blossoming altar of Fedhas.
   605 | D:2      | Reached ** piety under Trog
   605 | D:2      | Reached skill level 5 in Axes
   625 | D:2      | Found an ancient bone altar of Kikubaaqudgha.
   680 | D:2      | Reached XP level 4. HP: 8/40 MP: 4/4
  1546 | D:3      | Reached skill level 6 in Axes
  1546 | D:3      | Reached XP level 5. HP: 39/46 MP: 5/5
  1717 | D:3      | Reached *** piety under Trog
  1884 | D:3      | Found a white marble altar of Elyvilon.
  2576 | D:4      | Reached XP level 6. HP: 20/52 MP: 6/6
  2843 | D:4      | Got a fine flail
  2844 | D:4      | Identified the +4 flail of Gravity {freeze, rElec Int+3 Dex+2} (You found it on level 4 of the Dungeon)
  2946 | D:4      | Received a gift from Trog
  2950 | D:4      | Reached skill level 7 in Axes
  3173 | D:4      | Reached **** piety under Trog
  3283 | D:4      | Reached XP level 7. HP: 59/59 MP: 7/7
  3408 | D:4      | Noticed a phantom
  3419 | D:4      | Killed a phantom
  3660 | D:5      | Entered Level 5 of the Dungeon
  3803 | D:5      | Gained mutation: Your flesh is heat resistant. [mutagenic meat]
  3804 | D:5      | Gained mutation: Your magical capacity is low (-10% MP). [mutagenic meat]
  3806 | D:5      | Gained mutation: Your system is resistant to poisons. [mutagenic meat]
  3807 | D:5      | Gained mutation: You are clumsy. (Dex -2) [mutagenic meat]
  3808 | D:5      | Gained mutation: Your mind is acute. (Int +2) [mutagenic meat]
  3869 | D:5      | Found a shimmering altar of Xom.
  3906 | D:5      | Noticed a wyvern
  3915 | D:5      | Killed a wyvern
  3915 | D:5      | Reached skill level 8 in Axes
  3915 | D:5      | Reached XP level 8. HP: 66/66 MP: 7/7
  3982 | D:5      | Reached skill level 5 in Armour
  3992 | D:5      | Reached skill level 5 in Dodging
  4033 | D:5      | Noticed Pikel
  4051 | D:5      | Killed Pikel
  4051 | D:5      | Reached skill level 9 in Axes
  4285 | D:5      | Found a shadowy altar of Dithmenos.
  4329 | D:5      | Reached XP level 9. HP: 71/71 MP: 8/8
  4694 | D:6      | Found a radiant altar of Vehumet.
  4737 | D:6      | Noticed Sigmund
  4754 | D:6      | Killed Sigmund
  4754 | D:6      | Reached skill level 10 in Axes
  5110 | D:6      | Noticed Grinder
  5122 | D:6      | Paralysed by Grinder for 5 turns
  5144 | D:6      | Killed Grinder
  5409 | D:7      | Gained mutation: You can spit weak poison. [potion of mutation]
  5409 | D:7      | Gained mutation: You are occasionally teleported next to monsters. [potion of mutation]
  5467 | D:7      | Reached skill level 11 in Axes
  5468 | D:7      | Reached ***** piety under Trog
  5517 | D:7      | Found Poeseips's Magic Scroll Shop.
  5566 | D:7      | Received a gift from Trog
  5588 | D:7      | Reached XP level 10. HP: 78/78 MP: 7/9
  5686 | D:7      | Reached skill level 12 in Axes
  5720 | D:7      | Found a shattered altar of Ashenzari.
  5780 | D:7      | Found a staircase to the Ecumenical Temple.
  5791 | Temple   | Entered the Ecumenical Temple
  6161 | D:7      | Reached skill level 10 in Armour
  6622 | D:7      | Found Miuprez's Serpentskin Sales.
  6807 | D:7      | Bought a scroll of blinking for 120 gold pieces
  6807 | D:7      | Bought 3 scrolls of teleportation for 144 gold pieces
  6807 | D:7      | Bought a scroll of enchant armour for 120 gold pieces
  6807 | D:7      | Bought a scroll of blinking for 120 gold pieces
  6824 | D:8      | Found an opulent altar of Gozag.
  6869 | D:8      | Reached skill level 13 in Axes
  7441 | D:8      | Found Fulology's Jewellery Boutique.
  7528 | D:8      | Reached ****** piety under Trog
  7603 | D:8      | Noticed inmateoo's ghost (novice OpTm)
  7613 | D:8      | Killed inmateoo's ghost
  7613 | D:8      | Reached skill level 14 in Axes
  7636 | D:8      | Noticed a hill giant
  7665 | D:8      | Killed a hill giant
  7665 | D:8      | Reached XP level 11. HP: 84/84 MP: 7/10
  8027 | D:9      | Received a gift from Trog
  8208 | D:9      | Found a basalt altar of Yredelemnul.
  8380 | D:9      | Reached skill level 15 in Axes
  8381 | D:9      | Noticed a ghost crab
  8381 | D:9      | an elephant changed into a ghost crab
  8389 | D:9      | Killed a ghost crab
  8443 | D:9      | Killed an unseen horror
  8490 | D:9      | Gained mutation: Your spells are a little harder to cast, but a little more powerful. [mutagenic meat]
  8491 | D:9      | Gained mutation: You are very clumsy. (Dex -4) [mutagenic meat]
  9127 | D:10     | Entered Level 10 of the Dungeon
  9345 | D:10     | Found a staircase to the Orcish Mines.
  9419 | D:10     | Reached skill level 16 in Axes
  9692 | D:10     | Received a gift from Trog
  9714 | D:10     | Got a faintly glowing battleaxe {god gift}
  9715 | D:10     | Identified the +9 battleaxe "Noxkare" {flame, +Blink rPois rC+ Stlth+} (Trog gifted it to you on level 10 of the Dungeon)
  9765 | D:10     | Found a staircase to the Lair.
  9962 | D:11     | Noticed Erolcha
 10035 | D:11     | Noticed a skeletal warrior
 10046 | D:11     | Killed a skeletal warrior
 10169 | D:11     | Reached skill level 17 in Axes
 10183 | D:11     | Found a labyrinth entrance.
 10192 | Lab      | Entered a labyrinth
 10551 | Lab      | Noticed a minotaur
 10555 | Lab      | Killed a minotaur
 10555 | Lab      | Reached XP level 12. HP: 91/91 MP: 10/10
 10590 | Lab      | Got a faintly humming chain mail
 10607 | Lab      | Identified the cursed +1 chain mail "Ythri" {Dex+7} (You found it in a labyrinth)
 10625 | D:11     | Noticed a hill giant
 10637 | D:11     | Killed a hill giant
 10638 | D:11     | Killed an unseen horror
 10901 | D:11     | Killed Erolcha
 10901 | D:11     | Reached skill level 18 in Axes
 11091 | D:11     | Noticed a hill giant
 11096 | D:11     | Killed a hill giant
 11196 | D:11     | Received a gift from Trog
 11368 | D:11     | Gained mutation: You are partially covered in rough black scales (AC +4, Dex -1). [potion of mutation]
 11368 | D:11     | Lost mutation: Your system is resistant to poisons. [potion of mutation]
 11576 | D:12     | Reached skill level 19 in Axes
 11595 | D:12     | Gained mutation: You are somewhat resistant to further mutation. [mutagenic meat]
 11656 | D:12     | Found Biucemm's Armour Emporium.
 11790 | D:12     | Got a scorched chain mail
 11855 | D:12     | Noticed a seven-headed hydra
 11876 | D:12     | Killed a four-headed hydra
 12104 | D:12     | Identified the +1 chain mail "Kecwadd" {*Contam rF+ rC+} (You found it on level 12 of the Dungeon)
 12137 | D:13     | Noticed a tengu warrior
 12137 | D:13     | Noticed a tengu warrior
 12149 | D:13     | Killed a tengu warrior
 12151 | D:13     | Killed a tengu warrior
 12260 | D:13     | Noticed a six-headed hydra
 12271 | D:13     | Killed a two-headed hydra
 12271 | D:13     | Reached skill level 20 in Axes
 12271 | D:13     | Reached XP level 13. HP: 96/96 MP: 11/11
 12414 | D:13     | Noticed a vault guard
 12432 | D:13     | Killed a vault guard
 12492 | D:13     | Noticed a vault guard
 12514 | D:13     | Killed a vault guard
 12559 | D:13     | Noticed a vault guard
 12568 | D:13     | Killed a vault guard
 12574 | D:13     | Received a gift from Trog
 12604 | D:13     | Noticed a vault guard
 12613 | D:13     | Killed a vault guard
 12630 | D:13     | Noticed a vault guard
 12633 | D:13     | Noticed a vault guard
 12641 | D:13     | Killed a vault guard
 12643 | D:13     | Killed a vault guard
 12643 | D:13     | Reached skill level 21 in Axes
 12755 | D:13     | Noticed a vault guard
 12757 | D:13     | Noticed a vault guard
 12777 | D:13     | Killed a vault guard
 12785 | D:13     | Killed a vault guard
 13089 | D:13     | Found a gate to the Vaults.
 13460 | D:14     | Got a brightly glowing plate armour
 13472 | D:14     | Identified the +6 plate armour of Nemelex Xobeh's Regard {rF++ Slay+2 SInv} (You found it on level 14 of the Dungeon)
 13633 | D:14     | Reached skill level 22 in Axes
 14043 | D:15     | Entered Level 15 of the Dungeon
 14388 | D:15     | Reached XP level 14. HP: 101/104 MP: 10/12
 14389 | D:15     | Received a gift from Trog
 14885 | D:15     | Reached skill level 23 in Axes
 15065 | D:15     | Found a staircase to the Depths.
 15331 | Orc:1    | Entered Level 1 of the Orcish Mines
 15353 | Orc:1    | Found a flagged portal.
 15378 | Bailey   | Entered a bailey
 15421 | Bailey   | Found a bloodstained altar of Trog.
 15907 | D:8      | Bought the amulet of Entrepreneurial Spirit {Regen+ Str+5} for 522 gold pieces
 15920 | D:8      | Bought a +5 ring of strength for 453 gold pieces
 16058 | Orc:2    | Received a gift from Trog
 17204 | Orc:4    | Entered Level 4 of the Orcish Mines
 17216 | Orc:4    | Found a staircase to the Elven Halls.
 17264 | Orc:4    | Found Cown's Magic Scroll Emporium.
 17550 | Orc:4    | Received a gift from Trog
 17749 | Orc:4    | Found Liefeore's Food Shoppe.
 17803 | Orc:4    | Reached skill level 24 in Axes
 18010 | Orc:4    | Paralysed by an orc sorcerer for 5 turns
 18045 | Orc:4    | Found Banaduc's Antique Weapon Boutique.
 18045 | Orc:4    | Found a one-way gate leading to the halls of Pandemonium.
 18045 | Orc:4    | Found Ranyitont's Gadget Shop.
 18131 | Orc:4    | Bought a wand of heal wounds (6) for 660 gold pieces
 18317 | Orc:4    | Reached XP level 15. HP: 94/110 MP: 13/13
 18322 | Orc:4    | Received a gift from Trog
 18627 | Lair:1   | Entered Level 1 of the Lair of Beasts
 18820 | Lair:1   | Reached skill level 25 in Axes
 19905 | Lair:2   | Received a gift from Trog
 20484 | Lair:3   | Found a hole to the Spider Nest.
 20676 | Lair:3   | Found a staircase to the Shoals.
 20804 | Lair:3   | Gained mutation: You have large cloven feet. [potion of mutation]
 20804 | Lair:3   | Gained mutation: You are weak. (Str -2) [potion of mutation]
 20847 | Lair:3   | Received a gift from Trog
 21097 | Lair:4   | Found a dark tunnel.
 21106 | Volcano  | Entered a volcano
 21379 | Volcano  | Found a bloodstained altar of Trog.
 21878 | Lair:4   | Reached skill level 26 in Axes
 22462 | Lair:5   | You fall through a shaft!
 22501 | Lair:6   | Identified a scroll of acquirement
 22532 | Lair:6   | Reached skill level 1 in Evocations
 22810 | Lair:6   | Received a gift from Trog
 22942 | Lair:6   | Gained mutation: Your magical capacity is very low (-20% MP). [potion of mutation]
 23097 | Lair:6   | Received a gift from Trog
 23564 | Lair:7   | Reached XP level 16. HP: 116/116 MP: 13/13
 23567 | Lair:7   | Reached skill level 27 in Axes
 23594 | Lair:7   | Found a frozen archway.
 23633 | IceCv    | Entered an ice cave
 23974 | Lair:7   | Reached skill level 15 in Armour
 24031 | Lair:7   | Got a pair of ancient boots
 24042 | Lair:7   | Identified the +1 pair of boots "Jeoli" {rElec Int-4 Dex+2} (You found it on level 7 of the Lair of Beasts)
 24643 | Lair:8   | Entered Level 8 of the Lair of Beasts
 24644 | Lair:8   | Received a gift from Trog
 24651 | Lair:8   | Reached skill level 5 in Fighting
 25429 | Lair:8   | Found a staircase to the Slime Pits.
 25667 | Spider:1 | Entered Level 1 of the Spider Nest
 26022 | Spider:1 | Received a gift from Trog
 26405 | Spider:2 | Reached skill level 10 in Fighting
 26717 | Spider:2 | Reached XP level 17. HP: 141/141 MP: 14/14
 27567 | Spider:4 | Entered Level 4 of the Spider Nest
 27646 | Spider:4 | Received a gift from Trog
 28048 | Spider:4 | Received a gift from Trog
 28051 | Spider:4 | Got a crystal executioner's axe {god gift}
 28052 | Spider:4 | Identified the +2 executioner's axe of Ankifau {freeze, SInv} (Trog gifted it to you on level 4 of the Spider Nest)
 28151 | Spider:4 | Got a gossamer rune of Zot
 28607 | Spider:4 | Gained mutation: You regenerate slowly when monsters are visible. [mutagenic meat]
 29112 | Slime:1  | Entered Level 1 of the Pits of Slime
 29351 | Shoals:1 | Entered Level 1 of the Shoals
 29493 | Shoals:1 | Noticed Roxanne
 29511 | Shoals:1 | Killed Roxanne
 29966 | Shoals:1 | Found Ymah Nic's Antique Armour Emporium.
 30069 | Shoals:2 | Found a runed door.
 30073 | Shoals:2 | Reached XP level 18. HP: 161/161 MP: 15/15
 30207 | Shoals:2 | Reached skill level 15 in Fighting
 30340 | Shoals:2 | Received a gift from Trog
 30969 | Shoals:3 | Received a gift from Trog
 30974 | Shoals:3 | Noticed Polyphemus
 30977 | Shoals:4 | Entered Level 4 of the Shoals
 30977 | Shoals:4 | Noticed Ilsuiw
 31019 | Shoals:4 | HP: 10/249 [merfolk javelineer/silver javelin (10)]
 31019 | Shoals:4 | HP: 3/249 [merfolk javelineer/silver javelin (7)]
 31021 | Shoals:4 | Hit by a silver javelin thrown by a merfolk javelineer

Action                   |  1- 3 |  4- 6 |  7- 9 | 10-12 | 13-15 | 16-18 || total
-------------------------+-------+-------+-------+-------+-------+-------++-------
Melee: Hand axe          |    71 |   195 |   175 |   394 |       |       ||   835
       Flail             |       |   165 |    72 |    86 |       |       ||   323
       Battleaxe         |       |       |       |   217 |  1021 |   869 ||  2107
Throw: Stone             |       |       |       |       |    25 |       ||    25
Invok: Berserk           |     3 |     7 |    11 |    19 |    14 |     8 ||    62
       Burn Spellbooks   |       |       |       |     1 |     4 |     6 ||    11
       Brothers in Arms  |       |       |       |       |       |     3 ||     3
 Abil: Evoke Flight      |       |       |       |       |       |     2 ||     2
       Evoke Blink       |       |       |       |       |       |     1 ||     1
Evoke: Wand              |       |       |       |     1 |     1 |     3 ||     5
       Box of beasts     |       |       |       |       |     1 |       ||     1
       Deck              |       |       |       |       |     2 |       ||     2
  Use: Potion            |       |     5 |     2 |    11 |     2 |     4 ||    24
       Scroll            |       |     4 |    10 |    15 |    14 |     9 ||    52
 Stab: Sleeping          |       |       |       |       |       |     5 ||     5
       Petrified         |       |       |       |       |       |     1 ||     1
       Distracted        |       |       |       |       |       |     1 ||     1
  Eat: Chunk             |     1 |    15 |    22 |    35 |    53 |    30 ||   156
       Royal jelly       |       |     1 |       |       |       |       ||     1
       Fruit             |       |     1 |       |     8 |     2 |    10 ||    21
       Beef jerky        |       |       |     1 |     2 |     3 |     5 ||    11
       Meat ration       |       |       |       |     2 |       |       ||     2
       Pizza             |       |       |       |     1 |     3 |     2 ||     6
